 Dungeon Crawl Stone Soup version 0.14-a0-1444-g21dc12d (webtiles) character file.

24906 Ololoev the Reanimator (level 12, -6/74 HPs)
             Began as a Mummy Necromancer on Dec 12, 2013.
             Was the Champion of Sif Muna.
             Killed by divine providence
             ... invoked by an orc priest
              (11 damage)
             ... on Level 3 of the Orcish Mines on Dec 13, 2013.
             The game lasted 02:40:52 (27644 turns).

Ololoev the Reanimator (Mummy Necromancer)         Turns: 27644, Time: 02:40:52

HP  -6/74        AC 15     Str 11      XL: 12   Next: 76%
MP   4/29        EV 12     Int 20      God: Sif Muna [******]
Gold 971         SH  0     Dex 12      Spells:  8 memorised,  0 levels left

rFire  + + .     SeeInvis +     y - +6,+7 long sword of Priegumy {flame, rF+ Int+2}
rCold  + . .     Clarity  .     x - +2 steam dragon armour
rNeg   + + +     Conserve .     (no shield)
rPois  +         rCorr    +     o - +2 orc helmet {rF+}
rElec  .         rRot     +     s - +1 cloak
SustAb . .       Spirit   .     u - +0 pair of gloves
rMut   .         Warding  .     l - +1 pair of boots
Saprov . . .     Stasis   .     f - amulet of resist corrosion
                                E - ring of protection from fire
                                v - ring of see invisible

@: quite resistant to hostile enchantments, fairly stealthy
A: no food or potions, fire vulnerability, restore body, cold resistance 1, life
protection 3, poison resistance, torment resistance, unbreathing
a: Channel Energy, Forget Spell, Renounce Religion


You were on level 3 of the Orcish Mines.
You worshipped Sif Muna.
Sif Muna was exalted by your worship.
You were not hungry.

You visited 3 branches of the dungeon, and saw 17 of its levels.
You also visited: Volcano.

You collected 1623 gold pieces.
You spent 652 gold pieces at shops.

Inventory:

Hand weapons
 y - the +6,+7 long sword of Priegumy (weapon) {flame, rF+ Int+2}
   (You found it on level 9 of the Dungeon)

   It emits flame when wielded, causing extra injury to most foes and up to
   double damage against particularly susceptible opponents.
   Big, fiery blades are also staple armaments of hydra-hunters.
   It affects your intelligence (+2).
   It protects you from fire.
Armour
 l - a +1 pair of boots (worn)
 o - a +2 orcish helmet of fire resistance (worn)
 s - a +1 cloak (worn)
 u - a +0 pair of gloves (worn)
 x - a +2 steam dragon armour (worn)
Magical devices
 e - a wand of paralysis (3)
 g - a wand of digging (22)
 k - a wand of hasting (2)
 n - a wand of fire (4)
 z - a wand of confusion (6)
 D - a wand of disintegration (9)
 G - a wand of paralysis (9)
Scrolls
 h - 2 scrolls of identify
 q - 3 scrolls of immolation
 t - a scroll of noise
Jewellery
 f - an amulet of resist corrosion (around neck)
 v - a ring of see invisible (left hand)
 w - an uncursed ring of sustain abilities
 C - an uncursed ring of protection from cold
 E - a ring of protection from fire (right hand)
Books
 a - Den Idap's Collected Works on Necromancy and Enhancements
   (Sif Muna gifted it to you on level 4 of the Orcish Mines)

   Spells                             Type                      Level
   Lethal Infusion                    Charms/Necromancy            2
   Fire Brand                         Charms/Fire                  2
   Corpse Rot                         Necromancy                   2
   Excruciating Wounds                Charms/Necromancy            5
   *Haunt                             Necromancy/Summoning         7
 b - a book of Necromancy

   Spells                             Type                      Level
   *Pain                              Necromancy                   1
   Animate Skeleton                   Necromancy                   1
   Lethal Infusion                    Charms/Necromancy            2
   *Vampiric Draining                 Necromancy                   3
   Regeneration                       Charms/Necromancy            3
   *Animate Dead                      Necromancy                   4
   *Control Undead                    Necromancy                   4
 c - Sif Muna's Almanac of the Escort
   (Sif Muna gifted it to you on level 4 of the Orcish Mines)

   Spells                             Type                      Level
   *Summon Butterflies                Summoning                    1
   Demonic Horde                      Summoning                    6
   Summon Ugly Thing                  Summoning                    6
   Summon Hydra                       Summoning                    7
 p - Thighaeg's Guide on Evil Secrets
   (Sif Muna gifted it to you on level 11 of the Dungeon)

   Spells                             Type                      Level
   Lethal Infusion                    Charms/Necromancy            2
   Sublimation of Blood               Necromancy                   2
   *Bolt of Draining                  Conjuration/Necromancy       5
   Dispel Undead                      Necromancy                   5
   Simulacrum                         Ice/Necromancy               6
 r - a Grand Grimoire {highlevel}

   This book is beyond your current level of understanding.

   Spells                             Type                      Level
   Demonic Horde                      Summoning                    6
   Mass Abjuration                    Summoning                    6
   *Haunt                             Necromancy/Summoning         7
   Summon Greater Demon               Summoning                    7
   Malign Gateway                     Summoning/Translocation      7
   Summon Horrible Things             Summoning                    8
 B - a book of Conjurations

   Spells                             Type                      Level
   Magic Dart                         Conjuration                  1
   Searing Ray                        Conjuration                  2
   Dazzling Spray                     Conjuration/Hexes            3
   *Iskenderun's Mystic Blast         Conjuration                  4
   Iskenderun's Battlesphere          Conjuration/Charms           4
   Fulminant Prism                    Conjuration/Hexes            5
Magical staves
 F - an uncursed staff of fire


   Skills:
 - Level 1.5 Dodging
 - Level 1.5 Stealth
 - Level 9.3 Spellcasting
 - Level 7.4 Conjurations
 + Level 7.9 Summonings
 - Level 14.5 Necromancy


You couldn't memorise any spells.
You knew the following spells:

 Your Spells              Type           Power        Failure   Level  Hunger
a - Pain                  Necr           ####         1%          1    N/A
b - Animate Dead          Necr           N/A          1%          4    N/A
c - Vampiric Draining     Necr           ######....   1%          3    N/A
d - Control Undead        Necr           ######....   1%          4    N/A
e - Haunt                 Necr/Summ      ######....   67%         7    N/A
f - Iskenderun's Mystic   Conj           #####...     4%          4    N/A
g - Bolt of Draining      Conj/Necr      ######....   2%          5    N/A
h - Summon Butterflies    Summ           #####...     1%          1    N/A

Dungeon Overview and Level Annotations

Branches:
Dungeon (12/16)            Temple (1/1) D:5             Orc (4/4) D:12
    Elf (0/3) Orc:3          Lair (0/8) D:10

Altars:
Ashenzari
Cheibriados
Elyvilon
Fedhas
Kikubaaqudgha
Makhleb
Nemelex Xobeh
Okawaru
Sif Muna
Trog
Vehumet
Xom
Yredelemnul
Zin
the Shining One

Shops:
D:8 [+   Orc:4 ++([


Innate Abilities, Weirdness & Mutations

You do not eat or drink.
Your flesh is vulnerable to fire.
Your flesh is cold resistant.
You are immune to negative energy.
Your system is resistant to poisons.
You are immune to unholy pain and torment.
You can survive without breathing.


Message History

Something smites you!
* * * LOW HITPOINT WARNING * * *
The orc priest prays to Beogh.
You feel troubled.
An orc comes into view. It is wielding an orcish hand axe.
What do you say? t - Shout!
Orders for allies: a - Attack new target. r - Retreat! s - Stop attacking. w - Wait here. f - Follow me.
Anything else - Stay silent.
Gang up on whom?
Press: ? - help, Dir - move target cursor, f - orc priest
Aim: an orc priest wearing an orcish ring mail Attack!
The orc priest invokes the aid of Beogh against you.
You resist.
The orc priest mumbles some strange prayers to Beogh against you.
Something smites you!
You die...

#.... #.## ## .##....#...
........#.## #
...........# #
....%o...).#### # ##
....o.%.>.)#..#.##.## #.
.....o.zz.))........# ##
## ####....).z.)....##.##
# .##.# #....#.@.......#
.....#...#..........##
..#>...............##
###.o...........o.)..%...
#.o.o....................
.o.....#......#....#....
#....### #.##.>..##...
..o.## . ...o## .. #.###
....


You could see an orc warrior, 2 orc priests, 2 orcs and 3 friendly orc zombies.

Vanquished Creatures
  Nessos (Volcano)
  Urug (D:11)
  3 orc high priests (Orc:4)
  An unseen horror (D:11)
  Erolcha (Orc:1)
  3 orc knights
  A hill giant (D:11)
  2 cyclopes (D:11)
  Maurice (D:9)
  4 orc sorcerers (Orc:4)
  A feature mimic (D:11)
  Psyche (Orc:4)
  6 trolls
  A yaktaur (Volcano)
  A fire drake (Orc:1)
  3 sharks (D:11)
  3 wolves (D:10)
  2 hippogriffs
  A wyvern (D:11)
  2 yaks (D:10)
  A clay golem (Volcano)
  Grum (D:10)
  A fire bat (Volcano)
  A hill giant skeleton (D:9)
  A swamp drake (Orc:1)
  3 ice beasts
  2 necrophages
  4 sky beasts
  10 ogres
  15 orc warriors
  2 deep elf magi (Orc:1)
  9 centaurs
  3 big kobolds
  10 giant frogs
  2 jellies (D:11)
  A cyclops skeleton (D:12)
  2 electric eels (D:11)
  A troll zombie (D:11)
  6 wights
  3 wargs
  A yak skeleton (D:11)
  3 goliath beetles
  2 quasits
  4 lava fish (Volcano)
  A lava snake (Volcano)
  3 crimson imps
  7 hounds
  16 orc priests
  An iron imp (Orc:1)
  A scorpion (D:11)
  A big fish (D:11)
  5 iguanas
  27 orc wizards
  5 worker ants
  An ogre zombie (D:6)
  Ijyb (D:6)
  2 sheep (D:11)
  A hound skeleton (D:7)
  A worker ant zombie (D:9)
  15 adders
  2 giant centipedes (D:9)
  3 giant mites
  A shadow imp (Orc:1)
  5 worms
  2 giant eyeballs
  4 giant geckos
  An ooze (D:3)
  133 orcs
  2 ball pythons
  15 bats
  A bat skeleton (D:6)
  7 giant cockroaches
  17 goblins
  21 hobgoblins
  14 jackals
  4 quokkas
  4 giant newts
  A giant spore (D:11)
  18 kobolds
  A kobold skeleton (D:5)
  2 orc zombies (Orc:4)
  15 rats
  A rat skeleton (D:5)
  A ballistomycete (D:11)
  A butterfly (Orc:4)
  A plant (D:10)
492 creatures vanquished.

Vanquished Creatures (collateral kills)
  An orc warlord (Orc:4)
  An orc sorcerer (Orc:4)
  Joseph (Orc:1)
  An oklob plant (D:10)
  A cyclops (D:11)
  A yaktaur (Volcano)
  Grinder (D:6)
  Sonja (D:10)
  A griffon zombie (D:10)
  2 yaks (D:10)
  Eustachio (D:10)
  A steam dragon (D:7)
  A clay golem (Volcano)
  A wolf (D:10)
  A hippogriff (D:10)
  An orc warrior (Orc:4)
  An ice beast (D:9)
  An ogre (Orc:2)
  A phantom (D:8)
  Sigmund (D:3)
  2 giant frogs
  A cyclops zombie (D:11)
  4 wights
  A quasit (D:10)
  A crimson imp (D:6)
  3 orc wizards
  5 orc priests
  A white imp (Orc:1)
  An ufetubus (D:10)
  An iguana skeleton (D:8)
  A grey rat (D:10)
  15 orcs
  2 bats
  A hobgoblin (Orc:4)
  A kobold (D:6)
  A kobold zombie (D:8)
  2 rats (D:10)
  A plant (D:10)
65 creatures vanquished.

Vanquished Creatures (others)
  An orc warrior (Orc:3)
  A wyvern zombie (D:11)
  A hippogriff zombie (D:11)
  4 wolf zombies (D:10)
  3 troll zombies
  An elf zombie (Orc:1)
  4 giant frog zombies
  6 centaur zombies
  A crimson imp (Orc:4)
  A sky beast zombie (D:9)
  2 big kobold zombies
  3 ogre zombies
  3 hound zombies
  A worker ant zombie (D:5)
  A swamp drake zombie (Orc:1)
  A human zombie (D:10)
  A big fish zombie (D:11)
  A worm zombie (D:7)
  A white imp (Orc:4)
  2 electric eel zombies (D:11)
  An iguana zombie (D:5)
  3 adder zombies
  A sheep zombie (D:11)
  3 orcs
  2 bat zombies
  A giant cockroach zombie (D:5)
  A giant newt zombie (D:3)
  4 goblin zombies
  3 hobgoblin zombies
  4 jackal zombies
  4 kobold zombies
  74 orc zombies
  A quokka zombie (D:4)
  A rat zombie (D:6)
  10 butterflies (Orc:4)
152 creatures vanquished.

Grand Total: 709 creatures vanquished

Notes
Turn   | Place    | Note
--------------------------------------------------------------
     0 | D:1      | Ololoev, the Mummy Necromancer, began the quest for the Orb.
     0 | D:1      | Reached XP level 1. HP: 13/13 MP: 3/3
   315 | D:1      | Reached XP level 2. HP: 17/19 MP: 1/4
   975 | D:1      | Reached skill level 5 in Necromancy
  1002 | D:1      | Reached XP level 3. HP: 24/24 MP: 0/6
  1890 | D:2      | Reached XP level 4. HP: 27/30 MP: 1/7
  2396 | D:3      | Reached skill level 6 in Necromancy
  2754 | D:3      | Noticed Sigmund
  2771 | D:3      | Learned a level 4 spell: Animate Dead
  3268 | D:3      | Reached XP level 5. HP: 35/35 MP: 3/9
  3580 | D:3      | Killed Sigmund
  4310 | D:3      | Reached skill level 7 in Necromancy
  6036 | D:4      | Learned a level 3 spell: Vampiric Draining
  7224 | D:5      | Entered Level 5 of the Dungeon
  7226 | D:5      | Reached XP level 6. HP: 41/41 MP: 7/10
  7429 | D:5      | Found a staircase to the Ecumenical Temple.
  7523 | Temple   | Entered the Ecumenical Temple
  7558 | Temple   | Became a worshipper of Sif Muna the Loreminder
  7680 | D:5      | HP: 2/41 [something (3)]
  8720 | D:5      | Got a warped chain mail
  8734 | D:5      | Identified the cursed +2 chain mail "Axkuumi" {rElec} (You found it on level 5 of the Dungeon)
  8792 | D:5      | Reached skill level 8 in Necromancy
  8919 | D:5      | Reached XP level 7. HP: 31/46 MP: 5/13
  9247 | D:5      | Noticed a centaur
  9252 | D:5      | Killed a centaur
  9590 | D:6      | Learned a level 3 spell: Recall
  9661 | D:6      | Learned a level 4 spell: Control Undead
 10352 | D:6      | Noticed Ijyb
 10361 | D:6      | Killed Ijyb
 10579 | D:6      | Noticed Grinder
 10625 | D:6      | Killed Grinder
 10625 | D:6      | Acquired Sif Muna's first power
 11812 | D:7      | Reached skill level 9 in Necromancy
 11849 | D:7      | Reached XP level 8. HP: 52/52 MP: 8/19
 12272 | D:7      | Paralysed by a giant eyeball for 3 turns
 12278 | D:7      | Acquired Sif Muna's second power
 12278 | D:7      | Reached skill level 5 in Spellcasting
 12279 | D:7      | Paralysed by a giant eyeball for 2 turns
 12610 | D:7      | Found a burning altar of Makhleb.
 12896 | D:8      | Found Kuarit's Antique Armour Shop.
 12916 | D:8      | Bought a crude helmet for 202 gold pieces
 12919 | D:8      | Identified the +2 helmet "Guaxt" {Str+3} (You bought it in a shop on level 8 of the Dungeon)
 13210 | D:8      | Found a shattered altar of Ashenzari.
 13216 | D:8      | Saw a vision of the Shoals and the Spider Nest.
 13216 | D:8      | Noticed a mermaid
 13216 | D:8      | Noticed a mermaid
 13216 | D:8      | Noticed a mermaid
 13216 | D:8      | Noticed a mermaid
 13216 | D:8      | Noticed a sea snake
 13674 | D:8      | Reached skill level 10 in Necromancy
 13997 | D:8      | Reached XP level 9. HP: 48/57 MP: 21/23
 14254 | D:8      | Found Tuf Rext's Book Emporium.
 14645 | D:9      | Found a white marble altar of Elyvilon.
 14656 | D:9      | Noticed Maurice
 14663 | D:9      | Killed Maurice
 14663 | D:9      | Reached skill level 11 in Necromancy
 14666 | D:9      | Found a blossoming altar of Fedhas.
 14758 | D:9      | Acquired Sif Muna's third power
 14965 | D:9      | Paralysed by a giant eyeball for 4 turns
 15090 | D:9      | Got a crude long sword
 15091 | D:9      | Identified the +6,+7 long sword of Priegumy {flame, rF+ Int+2} (You found it on level 9 of the Dungeon)
 15720 | D:9      | Reached XP level 10. HP: 63/63 MP: 22/27
 16652 | D:8      | Impy: да бери конжур, не еби голову
 16652 | D:8      | Impy: или фаер
 16713 | D:10     | Entered Level 10 of the Dungeon
 16714 | D:10     | Impy: потом когда уже хаунт найдёшь, подкачаешь до него если так уж хочется
 16720 | D:10     | Ololoev: привет
 16720 | D:10     | Impy: да, привет
 16720 | D:10     | Ololoev: а че я не сильно сосну с -2 в кожуре?
 16720 | D:10     | Ololoev: на фаер денег нема
 16720 | D:10     | Impy: ну просто не очень быстро будет качаться
 16782 | D:8      | Ololoev: так меня порежут пока я буду качаться
 16782 | D:8      | Impy: ну я бы ставил в прокачку, а играл бы дальше как раньше
 16782 | D:8      | Impy: агония
 16782 | D:8      | Impy: боль
 16782 | D:8      | Impy: и тд
 16782 | D:8      | Ololoev: хотя в принципе да
 16782 | D:8      | Ololoev: кожуру всяко полезно качнуть думаю будет
 16782 | D:8      | Impy: а то
 16782 | D:8      | Bought a book of Conjurations for 450 gold pieces
 16785 | D:8      | Learned a level 1 spell: Magic Dart
 16882 | D:10     | Impy: можно даже в фокус поставить
 16891 | D:10     | Noticed Grum
 16904 | D:10     | Reached skill level 12 in Necromancy
 16908 | D:10     | Reached skill level 1 in Conjurations
 16910 | D:10     | Impy: да и меч норм, можешь табать вообще пока
 16913 | D:10     | Impy: агония и добил
 16917 | D:10     | Killed Grum
 16996 | D:10     | Ololoev: спасибо за советы
 16996 | D:10     | Impy: ноу проблем
 16996 | D:10     | Ololoev: а то из кастеров я кроме DECj никого не умею
 16996 | D:10     | Ololoev: ну или что-нибудь похожее явно-нападательное
 17119 | D:10     | Impy: у меня в основном гибриды получаются
 17155 | D:10     | Ololoev: а я до гибридизации не доходил, дох раньше
 17155 | D:10     | Ololoev: вынес только 1 раз
 17155 | D:10     | Ololoev: МиБе
 17168 | D:10     | Noticed Sonja
 17174 | D:10     | Impy: я первый орб вынес ваще SpAk
 17185 | D:10     | Killed Sonja
 17262 | D:10     | Found a staircase to the Lair.
 17263 | D:10     | Noticed an oklob plant
 17280 | D:10     | Killed an oklob plant
 17313 | D:10     | Noticed Eustachio
 17326 | D:10     | Killed Eustachio
 17333 | D:10     | Your ally Eustachio died
 17397 | D:10     | Impy: вообще самый изи мод мумией с некромантией это конечно идти в хаунт
 17397 | D:10     | Received a gift from Sif Muna
 17398 | D:10     | Identified Sif Muna's Handbook of Darkness (Sif Muna gifted it to you on level 10 of the Dungeon)
 17399 | D:10     | Impy: и потом в суммон драконов
 17399 | D:10     | Ololoev: есть че полезное в книге?
 17399 | D:10     | Ololoev: твистед норм или фигня?
 17399 | D:10     | Impy: хз честно говоря
 17399 | D:10     | Impy: не играл особо
 17399 | D:10     | Impy: наблюдал
 17399 | D:10     | Ololoev: абоминашки между этажами ходят, это круто
 17399 | D:10     | Ololoev: если я морфну абоминашку, она будет дружелюбной?
 17399 | D:10     | Impy: мне кажется это всё хуетень
 17399 | D:10     | Ololoev: или ее нельзя?
 17399 | D:10     | Ololoev: хотя скрее всего да
 18081 | D:11     | Noticed Urug
 18225 | D:11     | Killed Urug
 18225 | D:11     | Reached skill level 13 in Necromancy
 18225 | D:11     | Reached XP level 11. HP: 36/68 MP: 4/28
 18509 | D:11     | Reached skill level 5 in Conjurations
 19044 | D:11     | Noticed a cyclops
 19050 | D:11     | Your ally Urug died
 19060 | D:11     | Killed a cyclops
 19817 | D:11     | Noticed a cyclops
 19856 | D:11     | Killed a cyclops
 20113 | D:11     | Noticed a hill giant
 20121 | D:11     | Killed a hill giant
 20364 | D:11     | Learned a level 4 spell: Iskenderun's Mystic Blast
 20394 | D:11     | Received a gift from Sif Muna
 20395 | D:11     | Identified Thighaeg's Guide on Evil Secrets (Sif Muna gifted it to you on level 11 of the Dungeon)
 20402 | D:11     | Learned a level 5 spell: Bolt of Draining
 20432 | D:11     | Noticed an unseen horror
 20436 | D:11     | Killed an unseen horror
 21287 | D:12     | Found a staircase to the Orcish Mines.
 21339 | Orc:1    | Entered Level 1 of the Orcish Mines
 21771 | Orc:1    | Found a dark tunnel.
 21788 | Volcano  | Entered a volcano
 22114 | Volcano  | Found a radiant altar of Vehumet.
 22114 | Volcano  | Noticed Nessos
 22129 | Volcano  | Killed Nessos
 22129 | Volcano  | Reached skill level 14 in Necromancy
 22260 | Volcano  | Your ally Nessos died
 23001 | Orc:1    | Noticed Erolcha
 23005 | Orc:1    | Killed Erolcha
 23215 | Orc:1    | Reached XP level 12. HP: 74/74 MP: 20/29
 23412 | Orc:1    | Learned a level 2 spell: Call Imp
 23476 | Orc:1    | Noticed Joseph
 23490 | Orc:1    | Killed Joseph
 23490 | Orc:1    | Reached skill level 1 in Summonings
 24062 | Orc:3    | Found a bloodstained altar of Trog.
 24448 | Orc:4    | Entered Level 4 of the Orcish Mines
 24871 | Orc:4    | Received a gift from Sif Muna
 24872 | Orc:4    | Identified Den Idap's Collected Works on Necromancy and Enhancements (Sif Muna gifted it to you on level 4 of the Orcish Mines)
 24873 | Orc:4    | Noticed an orc warlord
 25030 | Orc:4    | Learned a level 7 spell: Haunt
 26205 | Orc:4    | Reached skill level 5 in Summonings
 26949 | Orc:4    | Found Foynk's Antique Weapon Emporium.
 26949 | Orc:4    | Found Xyhiucyob's Book Emporium.
 26988 | Orc:4    | Found Plog's Antique Armour Boutique.
 26988 | Orc:4    | Found Oshuiloc's Book Boutique.
 27267 | Orc:4    | Killed an orc warlord
 27512 | Orc:4    | Noticed Psyche
 27517 | Orc:4    | Killed Psyche
 27517 | Orc:4    | Received a gift from Sif Muna
 27518 | Orc:4    | Identified Sif Muna's Almanac of the Escort (Sif Muna gifted it to you on level 4 of the Orcish Mines)
 27521 | Orc:4    | Learned a level 1 spell: Summon Butterflies
 27600 | Orc:3    | Found a staircase to the Elven Halls.
 27644 | Orc:3    | Killed from afar by an orc priest

Action                   |  1- 3 |  4- 6 |  7- 9 | 10-12 || total
-------------------------+-------+-------+-------+-------++-------
Melee: Unarmed           |    32 |       |       |       ||    32
       Short sword       |    15 |    50 |   121 |       ||   186
       Dagger            |       |       |    43 |       ||    43
       Trident           |       |       |   107 |       ||   107
       Long sword        |       |       |    14 |   168 ||   182
Throw: Javelin           |     6 |       |       |       ||     6
       Dart              |       |     2 |     9 |       ||    11
 Cast: Pain              |    70 |   146 |   231 |   452 ||   899
       Animate Dead      |       |    21 |    32 |    91 ||   144
       Vampiric Draining |       |     1 |    23 |    55 ||    79
       Control Undead    |       |       |     4 |       ||     4
       Magic Dart        |       |       |       |    32 ||    32
       Bolt of Draining  |       |       |       |   143 ||   143
       Iskenderun's Myst |       |       |       |    53 ||    53
       Summon Butterflie |       |       |       |     9 ||     9
       Call Imp          |       |       |       |     3 ||     3
Invok: Channel Energy    |       |       |    98 |   646 ||   744
       Forget Spell      |       |       |       |     1 ||     1
Evoke: Wand              |       |       |     9 |    13 ||    22
  Use: Scroll            |       |     9 |    17 |    12 ||    38
 Stab: Sleeping          |     1 |       |     3 |     1 ||     5
       Distracted        |       |       |     1 |     2 ||     3
